 Dungeon Crawl Stone Soup version 0.30-a0-1116-gebefce21f7 (webtiles) character file.

Game seed: 7533247588731946401

5 holysushi the Cutter (level 1, -1/18 HPs)
             Began as a Demonspawn Monk on Apr 21, 2023.
             Slain by a goblin
             ... wielding a +0 club
              (3 damage)
             ... on level 1 of the Dungeon.
             The game lasted 00:00:13 (243 turns).

holysushi the Cutter (Demonspawn Monk)               Turns: 243, Time: 00:00:14

Health: -1/18      AC:  2    Str: 11    XL:     1   Next: 66%
Magic:  1/1        EV: 12    Int: 11    God:
Gold:   50         SH:  0    Dex: 15    Spells: 0/0 levels left

rFire   . . .      SeeInvis .    a - +0 short sword
rCold   . . .      Faith    .    d - orb {light}
rNeg    . . .      Spirit   .    b - +0 robe
rPois   .          Reflect  .    (no helmet)
rElec   .          Rampage  .    (no cloak)
rCorr   .                        (no gloves)
Will    .....                    (no boots)
Stlth   +                        (no amulet)
HPRegen 0.23/turn                (no ring)
MPRegen 0.07/turn                (no ring)

@: glowing
A: no striking features
a: no special abilities


You were on level 1 of the Dungeon.
You visited 1 branch of the dungeon, and saw 1 of its levels.

You collected 50 gold pieces.

Inventory:

Hand Weapons
 a - a +0 short sword (weapon)
Armour
 b - a +0 robe (worn)
 d - an orb of light (worn)
Scrolls
 e - 3 scrolls of immolation {unknown}
 f - a scroll of amnesia {unknown}
 g - 2 scrolls of identify {unknown}
Potions
 c - a potion of ambrosia


   Skills:
 - Level 3.0 Fighting
 + Level 3.1 Short Blades
 - Level 2.6 Dodging


You couldn't memorise any spells.
You didn't know any spells.
Your spell library contained the following spells:

 Spells                   Type           Power      Damage    Failure   Level
 Blink                    Tloc           0%         N/A       47%         2
 Lesser Beckoning         Tloc           0%         N/A       47%         2
 Momentum Strike          Conj/Tloc      0%         3d8       47%         2


Dungeon Overview and Level Annotations

Branches:
Dungeon (1/15) Zot: 5759

Altars:


Message History

You barely miss the goblin. The bat hits you.
The dart slug launches a dart at you. The slug dart misses you.
The goblin barely misses you.
You barely miss the goblin. The bat closely misses you.
The dart slug launches a dart at you. The slug dart hits you.
You hit the goblin.
The goblin is moderately wounded.
The goblin closely misses you. The bat hits you but does no damage.
The bat attacks as you move away! The bat barely misses you.
The bat completely misses you. The goblin closely misses you.
The bat hits you but does no damage.
You completely miss the goblin.
The goblin is moderately wounded.
The bat barely misses you. The goblin hits you with a +0 club.
You hit the goblin.
The goblin is heavily wounded.
The goblin closely misses you.
You hit the goblin but do no damage.
The goblin is heavily wounded.
The dart slug launches a dart at you. The slug dart hits you.
The goblin hits you but does no damage.
You hit the goblin.
The goblin is severely wounded.
The goblin closely misses you.
You closely miss the goblin.
The goblin is severely wounded.
The dart slug misses you.
You hit the dart slug.
The dart slug is heavily wounded.
The goblin hits you with a +0 club. The dart slug launches a dart at you.
The slug dart hits you.
* * * LOW HITPOINT WARNING * * *
You are too injured to fight recklessly!
You hit the dart slug.
The dart slug is severely wounded.
The goblin hits you with a +0 club.
You die...

#.# #......
#.# #.###..
#.# #.. #.#
##. ########.#
#. #........#
#. #.########
#.
#.##########
..
#....@gb...#
######w.......
......###
..?.$...#
...(......#
#..........#
#.#......#.#
#.##...###.#


You could see a dart slug, a goblin and a bat.

Vanquished Creatures
  2 bats (D:1)
  A hobgoblin (D:1)
  2 kobolds (D:1)
  A rat (D:1)
6 creatures vanquished.

Notes
Turn   | Place    | Note
-------+----------+-------------------------------------------
     0 | D:1      | holysushi the Demonspawn Monk began the quest for the Orb.
     0 | D:1      | Reached XP level 1. HP: 18/18 MP: 1/1
   243 | D:1      | Slain by a goblin

Illustrated notes

Levels and vault maps discovered:
D:1:      minmay_arrival_loop, layout_loops_ring

Skill      XL: |  1 |
---------------+----+-----
Short Blades   | 3 |  3.1
Fighting       | |  3.0
Dodging        | |  2.6

Action                     || total
---------------------------++-------
  Melee: Short sword       ||    25
 Armour: Robe              ||     6
  Dodge: Dodged            ||    20

Table legend: (Time is in decaauts)
 A = Elapsed time spent in this place.
 B = Non-inter-level travel time spent in this place.
 C = Inter-level travel time spent in this place.
 D = Time resting spent in this place.
 E = Time spent auto-exploring this place.
 F = Levels seen in this place.
 G = Mean time per level.
                   A        B        C        D        E       F      G
               +--------+--------+--------+--------+--------+-----+--------+
         Total |    239 |    239 |      0 |      0 |    183 |   1 |  239.0 |
       Dungeon |    239 |    239 |      0 |      0 |    183 |   1 |  239.0 |
               +--------+--------+--------+--------+--------+-----+--------+

Top non-repeatable levels by time:
     D:1: 239 daAuts
